 Dungeon Crawl Stone Soup version 0.30-a0-879-ga8ba668304 (webtiles) character file.

Game seed: 10528026849118227482

919 jasper the Fighter (level 7, -5/96 HPs)
             Began as a Demonspawn Gladiator on Mar 13, 2023.
             Blown up by an eye of devastation (glowing shapeshifter) (30 damage)
             ... with a bolt of energy
             ... on level 5 of the Dungeon.
             The game lasted 00:06:56 (3938 turns).

jasper the Fighter (Demonspawn Gladiator)           Turns: 3938, Time: 00:06:57

Health: -5/96      AC: 23    Str: 16    XL:     7   Next: 83%
Magic:  7/7        EV:  2    Int: 10    God:
Gold:   147        SH:  0    Dex: 14    Spells: 6/6 levels left

rFire   . . .      SeeInvis .    (no weapon)
rCold   . . .      Faith    .    (no shield)
rNeg    + . .      Spirit   .    o - melded +0 scale mail
rPois   +          Reflect  .    (helmet currently unavailable)
rElec   .          Rampage  .    (cloak currently unavailable)
rCorr   .          NoTele   +    (gloves currently unavailable)
Will    .....                    (boots currently unavailable)
Stlth   +                        t - amulet of magic regeneration
HPRegen 0.36/turn                r - ring of positive energy
MPRegen 0.60/turn                (no ring)

@: tree-form
A: stationary, stasis, torment immunity, boosted hp, (antennae 1), repulsion
field 1, magic regeneration, demonic magic 1
a: no special abilities


You were on level 5 of the Dungeon.
You were a tree.
You visited 1 branch of the dungeon, and saw 5 of its levels.

You collected 147 gold pieces.

Inventory:

Hand Weapons
 a - a +0 quarterstaff
 g - a +4 quarterstaff of chaos
Missiles
 d - 2 throwing nets
 p - 4 poisoned darts (quivered)
 q - 27 stones
Armour
 b - a +0 leather armour
 c - a +0 helmet
 i - a +0 cloak
 o - a +0 scale mail (melded)
Magical Staves
 u - a staff of earth
Jewellery
 r - a ring of positive energy (left branch)
 t - an amulet of magic regeneration (around neck)
Scrolls
 f - a scroll of poison
 j - 3 scrolls of identify
 k - a scroll of blinking
 m - a scroll of vulnerability
 w - a scroll of amnesia {unknown}
 x - a scroll of fog
 y - a scroll of teleportation {unknown}
Potions
 e - 2 potions of brilliance {unknown}
 h - 4 potions of ambrosia
 l - a potion of flight {unknown}
 s - 2 potions of magic {unknown}
 v - a potion of attraction {unknown}
 z - a potion of invisibility {unknown}


   Skills:
 + Level 9.2 Fighting
 - Level 2.6 Staves
 - Level 1.7 Throwing
 - Level 2.6 Dodging


You had 6 spell levels left.
You didn't know any spells.
Your spell library contained the following spells:

 Spells                   Type           Power      Damage    Failure   Level
 Ensorcelled Hibernation  Hex/Ice        0%         N/A       50%         2
 Passwall                 Tmut/Erth      0%         N/A       50%         2
 Swiftness                Air            0%         N/A       75%         3


Dungeon Overview and Level Annotations

Branches:
Dungeon (5/15)
 Temple: D:4-7

Altars:
Ru

Annotations:
D:5 1 runed translucent door, pokeman's ghost, novice DEHW


Innate Abilities, Weirdness & Mutations

You are a tree.
Your roots penetrate the ground, keeping you stationary.
You cannot be teleported.
You are immune to unholy pain and torment.
Your maximum health is greatly increased.
Your equipment is partially melded.
((You have a pair of small antennae on your head.))
You are surrounded by a mild repulsion field. (EV +2)
You regenerate magic rapidly.
Spells you cast may paralyse adjacent enemies.


Message History

The merfolk hits you but does no damage.
You hit the merfolk.
The merfolk is moderately wounded.
The merfolk changes into a glowing shapeshifter!
You hit the glowing shapeshifter.
The glowing shapeshifter is lightly wounded.
The glowing shapeshifter changes into an elephant!
You hit the elephant but do no damage.
The elephant tramples you but does no damage.
The elephant trunk-slaps you but does no damage.
You hit the elephant.
The elephant is lightly wounded.
The elephant tramples you but does no damage.
The elephant trunk-slaps you but does no damage.
You smack the elephant!
The elephant is moderately wounded.
The elephant changes into a water nymph!
You barely miss the water nymph. The water nymph touches you!
* * * LOW HITPOINT WARNING * * *
Splash!
You fall into the shallow water.
Moving in this stuff is going to be slow.
You take 8 damage, and have 24/96 hp.
You barely miss the water nymph. The water nymph touches you.
* * * LOW HITPOINT WARNING * * *
You take 1 damage, and have 23/96 hp.
You smack the water nymph!
The water nymph is moderately wounded.
The water nymph changes into a sea snake!
You hit the sea snake but do no damage.
The sea snake changes into a swamp dragon!
You barely miss the swamp dragon.
The swamp dragon changes into an eye of devastation!
You smack the eye of devastation!
The eye of devastation is lightly wounded.
You hit the eye of devastation but do no damage.
The eye of devastation is lightly wounded.
The eye of devastation gazes at you. The bolt of energy hits you!!
You die...

#.........#..........#
#....###)##..........#
##'###...............#
...........#'##......#####
...........#..#..........#
...........#..#..........#
......###+##..#..........#
......+ ...#G.........#
......# ###.♣........#
......# #.)..####+##
......# #....# #....#
'....# ##....# ...### ...#


You could see an eye of devastation shaped shifter.

Vanquished Creatures
  Duvessa (D:4)
  Pargi (D:3)
  2 ogres (D:4)
  A scorpion (D:4)
  A wight (D:4)
  Dowan (D:4)
  An orc priest (D:5)
  A hound (D:5)
  A jelly (D:4)
  2 sleepcaps
  Crazy Yiuf (D:3)
  2 iguanas
  3 adders
  6 gnolls
  A white imp (D:5)
  2 dart slugs
  12 orcs
  6 bats
  8 endoplasms
  4 giant cockroaches
  3 goblins
  5 hobgoblins
  A jackal (D:4)
  6 quokkas
  9 ball pythons
  3 frilled lizards
  5 kobolds
  5 rats
94 creatures vanquished.

Notes
Turn   | Place    | Note
-------+----------+-------------------------------------------
     0 | D:1      | jasper the Demonspawn Gladiator began the quest for the
                  | Orb.
     0 | D:1      | Reached XP level 1. HP: 16/16 MP: 1/1
    94 | D:1      | Gained mutation: You are surrounded by a mild repulsion
                  | field. (EV +2) [demonic ancestry]
    94 | D:1      | Reached XP level 2. HP: 17/23 MP: 2/2
   126 | D:1      | You fall into a shaft and drop 1 floor!
   225 | D:1      | Reached skill level 3 in Fighting
   550 | D:1      | Gained mutation: You regenerate magic rapidly. [demonic
                  | ancestry]
   550 | D:1      | Reached XP level 3. HP: 29/29 MP: 3/3
   726 | D:2      | Reached skill level 4 in Fighting
  1496 | D:3      | Found a runed translucent door.
  1497 | D:3      | Noticed Crazy Yiuf
  1505 | D:3      | Killed Crazy Yiuf
  1506 | D:3      | Gained mutation: Spells you cast may paralyse adjacent
                  | enemies. [demonic ancestry]
  1506 | D:3      | Reached XP level 4. HP: 38/38 MP: 4/4
  1698 | D:3      | Noticed Pargi
  1710 | D:3      | Killed Pargi
  1711 | D:3      | Reached skill level 5 in Fighting
  1711 | D:3      | Reached XP level 5. HP: 39/46 MP: 5/5
  2039 | D:4      | Reached skill level 6 in Fighting
  2146 | D:4      | Noticed Dowan
  2146 | D:4      | Noticed Duvessa
  2171 | D:4      | Killed Duvessa
  2172 | D:4      | Gained mutation: You have a pair of small antennae on your
                  | head. [demonic ancestry]
  2172 | D:4      | Reached XP level 6. HP: 14/53 MP: 6/6
  2180 | D:4      | Killed Dowan
  2181 | D:4      | Reached skill level 7 in Fighting
  2569 | D:4      | Reached skill level 8 in Fighting
  2569 | D:4      | Reached XP level 7. HP: 48/62 MP: 7/7
  2888 | D:4      | Found a sacrificial altar of Ru.
  3245 | D:5      | Entered Level 5 of the Dungeon
  3590 | D:5      | Reached skill level 9 in Fighting
  3623 | D:5      | Found a runed translucent door.
  3624 | D:5      | Noticed pokeman's ghost (novice DEHW)
  3915 | D:5      | an orc priest changed into a glowing shapeshifter
  3915 | D:5      | Noticed a glowing shapeshifter (glowing shapeshifter)
  3915 | D:5      | a glowing shapeshifter changed into a shock serpent
  3915 | D:5      | Noticed a shock serpent (glowing shapeshifter)
  3919 | D:5      | a shock serpent changed into a sea snake
  3919 | D:5      | Noticed a sea snake (glowing shapeshifter)
  3920 | D:5      | a sea snake changed into a swamp dragon
  3920 | D:5      | Noticed a swamp dragon (glowing shapeshifter)
  3924 | D:5      | a swamp dragon changed into a merfolk
  3924 | D:5      | Noticed a merfolk (glowing shapeshifter)
  3927 | D:5      | a merfolk changed into a glowing shapeshifter
  3927 | D:5      | Noticed a glowing shapeshifter (glowing shapeshifter)
  3928 | D:5      | a glowing shapeshifter changed into an elephant
  3928 | D:5      | Noticed an elephant (glowing shapeshifter)
  3931 | D:5      | an elephant changed into a water nymph
  3931 | D:5      | Noticed a water nymph (glowing shapeshifter)
  3934 | D:5      | a water nymph changed into a sea snake
  3934 | D:5      | Noticed a sea snake (glowing shapeshifter)
  3935 | D:5      | a sea snake changed into a swamp dragon
  3935 | D:5      | Noticed a swamp dragon (glowing shapeshifter)
  3936 | D:5      | a swamp dragon changed into an eye of devastation
  3936 | D:5      | Noticed an eye of devastation (glowing shapeshifter)
  3938 | D:5      | Blown up by an eye of devastation (glowing shapeshifter)

Illustrated notes

Levels and vault maps discovered:
D:1:      wander_arrival_peaceful_grave, layout_rooms
D:2:      layout_loops_ring, grunt_ministairs_14
D:3:      layout_basic, uniq_pargi, uniq_crazy_yiuf_cottage
D:4:      minmay_clustersquares, layout_loops_ring, lemuel_round_altar,
          columned_hall_lemuel, uniq_duvessa
D:5:      layout_gridville, ebering_ghost_inner_flame, uniq_ijyb

Skill      XL: |  1  2  3  4  5  6  7 |
---------------+----------------------+-----
Fighting       | 3 4 5 6 8 9 |  9.2
Staves         | |  2.6
Throwing       | |  1.7
Dodging        | |  2.6

Action                     |  1- 3 |  4- 6 |  7- 9 || total
---------------------------+-------+-------+-------++-------
  Melee: Quarterstaff      |    92 |    77 |    72 ||   241
         Unarmed           |       |       |    19 ||    19
  Throw: Stone             |     3 |     2 |       ||     5
         Throwing net      |     1 |     3 |       ||     4
         Dart              |       |     3 |     6 ||     9
         Javelin           |       |     1 |       ||     1
    Use: Scroll            |     8 |       |       ||     8
         Potion            |       |     3 |     1 ||     4
   Stab: Petrified         |       |     2 |       ||     2
         Petrifying        |       |     1 |       ||     1
 Armour: Leather armour    |    15 |       |       ||    15
         Scale mail        |     7 |    21 |    22 ||    50
         Skin              |       |    29 |    10 ||    39
  Dodge: Dodged            |    55 |    45 |    42 ||   142

Table legend: (Time is in decaauts)
 A = Elapsed time spent in this place.
 B = Non-inter-level travel time spent in this place.
 C = Inter-level travel time spent in this place.
 D = Time resting spent in this place.
 E = Time spent auto-exploring this place.
 F = Levels seen in this place.
 G = Mean time per level.
                   A        B        C        D        E       F      G
               +--------+--------+--------+--------+--------+-----+--------+
         Total |   3978 |   3891 |     87 |    602 |   2354 |   5 |  795.6 |
       Dungeon |   3978 |   3891 |     87 |    602 |   2354 |   5 |  795.6 |
               +--------+--------+--------+--------+--------+-----+--------+

Top non-repeatable levels by time:
     D:4: 1284 daAuts
     D:2: 996 daAuts
     D:5: 698 daAuts
     D:1: 575 daAuts
     D:3: 424 daAuts
